AoeStats
← 裝甲蟑螂

Arabia

509888391Analyzed
1v1 RM · 5d ago on Sep 28, 2026· 43m 25s· 2 players
Game mode
Random Map
Map size
Tiny (2 player)
Population
200
Speed
Normal
Resources
Standard
Victory
Conquest
Starting age
Dark Age
Ending age
Imperial Age
RankedLock teamsTeams togetherTeam positionsShared explorationLock speedFull tech treeHidden civsTurbo modeCheats
Victory
Defeat
🇨🇳 Franks · China
1141
+15
🇹🇼 Huns · Taiwan
1125
-15
裝甲蟑螂
6:33 Loom
9:36 Feudal Age
10:32 Double-Bit Axe
19:18 Fletching
19:55 Gold Mining
22:13 Castle Age
22:39 Padded Archer Armor
24:37 Bodkin Arrow
25:53 Scale Barding Armor
26:31 Wheelbarrow
28:39 Husbandry
28:31 Horse Collar
30:01 Bloodlines
31:33 Light Cavalry
33:57 Gold Shaft Mining
33:26 Heavy Plow
33:54 Forging
36:06 Bow Saw
36:12 Squires
40:23 Pikeman
280931900
5:15 Loom
10:20 Feudal Age
21:41 Castle Age
20:04 Double-Bit Axe
20:11 Gold Mining
20:52 Scale Barding Armor
22:09 Forging
22:47 Bow Saw
26:49 Chain Barding Armor
29:41 Husbandry
33:07 Iron Casting
33:35 Gold Shaft Mining
32:56 Stone Mining
38:39 Town Watch
39:30 Wheelbarrow
Connection lost

Rejoining the realm…

Still unreachable

The connection could not be restored.

Session expired

The server has moved on; the page needs a fresh start.